 Seeded DCSS version 0.28.0-62-gf88900778d (webtiles) character file.

Game seed: 13591998346360536447 (custom seed)

9 Psyclone the Conjurer (level 2, 15/15 HPs)
             Began as a Deep Elf Conjurer on Oct 17, 2023.
             Quit the game on level 2 of the Dungeon.
             The game lasted 00:00:19 (379 turns).

Psyclone the Conjurer (Deep Elf Conjurer)            Turns: 379, Time: 00:00:19

Health: 15/15      AC:  2    Str:  4    XL:     2   Next: 3%
Magic:  8/8        EV: 12    Int: 22    God:
Gold:   1053       SH:  0    Dex: 13    Spells: 4/7 levels left

rFire   . . .      SeeInvis .   (no weapon)
rCold   . . .      Faith    .   (no shield)
rNeg    . . .      Spirit   .   a - +0 robe
rPois   .          Reflect  .   (no helmet)
rElec   .          Harm     .   (no cloak)
rCorr   .          Rampage  .   (no gloves)
Will    .....                   (no boots)
Stlth   ++........              (no amulet)
HPRegen 0.05/turn               (no ring)
MPRegen 0.11/turn               (no ring)

@: no status effects
A: no striking features
a: no special abilities


You were on level 2 of the Dungeon.
You visited 1 branch of the dungeon, and saw 2 of its levels.

You collected 1053 gold pieces.

Inventory:

Hand Weapons
 b - a +0 dagger
Armour
 a - a +0 robe (worn)


   Skills:
 - Level 2.4 Dodging
 - Level 2.4 Stealth
 - Level 3.0 Spellcasting
 + Level 4.9 Conjurations


You had 4 spell levels left.
You knew the following spells:

 Your Spells              Type           Power      Damage    Failure   Level
a - Magic Dart            Conj           100%       1d8       1%          1
b - Searing Ray           Conj           50%        2d6       2%          2

Your spell library contained the following spells:

 Spells                   Type           Power      Damage    Failure   Level
 Dazzling Flash           Conj/Hex       28%        N/A       14%         3
 Fulminant Prism          Conj/Hex       7%         3d7       41%         4
 Iskenderun's Mystic Bla  Conj/Tloc      14%        2d5       41%         4


Dungeon Overview and Level Annotations

Branches:
Dungeon (2/15)

Altars:


Message History

Unknown command.
Casting: Searing Ray (safe; 2% risk of failure)
Confirm with . or Enter, or press ? or * to list all spells.
You can't see any susceptible monsters within range! (Use Z to cast anyway.)
You are now empty-handed.
Unknown command.
You aren't carrying any potions.
Unknown command.
You regained 2 mp, and now have 7/8 mp.
There is a stone staircase leading up here.
Casting: Searing Ray (safe; 2% risk of failure)
Confirm with . or Enter, or press ? or * to list all spells.
You can't see any susceptible monsters within range! (Use Z to cast anyway.) Unknown command.
You start resting.
Magic restored.
MP restored: 8
Casting: Searing Ray (safe; 2% risk of failure)
Confirm with . or Enter, or press ? or * to list all spells.
You can't see any susceptible monsters within range! (Use Z to cast anyway.) Unknown command.
Casting: Searing Ray (safe; 2% risk of failure)
Confirm with . or Enter, or press ? or * to list all spells.
You can't see any susceptible monsters within range! (Use Z to cast anyway.) Unknown command.
You start waiting.
Casting: Searing Ray (safe; 2% risk of failure)
Confirm with . or Enter, or press ? or * to list all spells.
You can't see any susceptible monsters within range! (Use Z to cast anyway.)
You start waiting.
Done waiting.
Casting: Searing Ray (safe; 2% risk of failure)
Confirm with . or Enter, or press ? or * to list all spells.
You can't see any susceptible monsters within range! (Use Z to cast anyway.)
Casting: Searing Ray (safe; 2% risk of failure)
Confirm with . or Enter, or press ? or * to list all spells.
You can't see any susceptible monsters within range! (Use Z to cast anyway.) Unknown command.
Unknown command.
Unknown command.
Are you sure you want to abandon this character and quit the game? (Confirm with "yes".)

. #.#.#
.##.#.#
.....#
#.... ...
#.#####
#.#...##
#......##
#......@#
#.......#
#.......#
##.....##
###..<##
#....##
#.#### #.
#


There were no monsters in sight!

Vanquished Creatures
  A giant cockroach (D:2)
  3 jackals (D:1)
  A kobold (D:1)
  A frilled lizard (D:2)
  2 rats (D:1)
8 creatures vanquished.

Notes
Turn   | Place    | Note
-------+----------+-------------------------------------------
     0 | D:1      | Psyclone the Deep Elf Conjurer began the quest for the Orb.
     0 | D:1      | Reached XP level 1. HP: 10/10 MP: 6/6
   130 | D:2      | Reached XP level 2. HP: 15/15 MP: 5/8
   133 | D:2      | Learned a level 2 spell: Searing Ray
   163 | D:2      | Identified a scroll of acquirement
   163 | D:2      | Acquired 1039 gold pieces
   379 | D:2      | Quit the game

Illustrated notes

Levels and vault maps discovered:
D:1:      wander_arrival_fairy_ring, layout_basic, chequers_serial_rivers_room_a
D:2:      layout_loops_ring, shapermc_ecumenical_altar_venn, uniq_natasha

Action                   || total
-------------------------++-------
 Cast: Magic Dart        ||    10
       Searing Ray       ||     1
  Use: Scroll            ||     1
Dodge: Dodged            ||     1
